 Seeded DCSS version 0.27.1-3-gb3d3a73c9e (webtiles) character file.

Game seed: 20211020 (custom seed)

41 jessy the Sneak (level 3, 0/27 HPs)
             Began as a Vampire Brigand on Oct 20, 2021.
             Slain by an adder (4 damage)
             ... on level 2 of the Dungeon.
             The game lasted 00:05:53 (900 turns).

jessy the Sneak (Vampire Brigand)                    Turns: 900, Time: 00:05:53

Health: 0/27       AC:  7    Str: 11    XL:     3   Next: 32%
Magic:  3/3        EV:  5    Int: 13    God:
Gold:   51         SH:  0    Dex: 15    Spells: 2/2 levels left

rFire    . . .     SeeInvis +   h - +0 whip
rCold    . . .     Faith    .   (no shield)
rNeg     . . .     Spirit   .   j - +0 scale mail
rPois    .         Reflect  .   (no helmet)
rElec    .         Harm     .   c - +0 cloak
rCorr    .         Rampage  .   (no gloves)
Will     .....                  (no boots)
Stlth    ++........             (no amulet)
HPRegen  0.29/turn              (no ring)
MPRegen  0.08/turn              (no ring)

@: lethally poisoned (0 -> -4), healing quickly, constricted
A: alive, fangs 3, see invisible, vampiric 2
a: Exsanguinate


You were on level 2 of the Dungeon.
You visited 1 branch of the dungeon, and saw 2 of its levels.

You collected 51 gold pieces.

Inventory:

Hand Weapons
 a - a +2 dagger
 h - a +0 whip (weapon)
 n - a +0 club
Missiles
 d - 8 poisoned darts (quivered)
 e - 2 curare-tipped darts
 f - 71 stones
Armour
 b - a +0 robe
 c - a +0 cloak (worn)
 j - a +0 scale mail (worn)
 l - a +0 leather armour
Scrolls
 i - a scroll of silence {unknown}
 m - a scroll of fog {unknown}
Potions
 g - a potion of ambrosia {unknown}
 k - 2 potions of resistance {unknown}


   Skills:
 + Level 2.2 Fighting
 + Level 2.8 Short Blades
 + Level 1.6 Throwing
 + Level 0.2 Armour
 + Level 1.3 Dodging
 + Level 6.6 Stealth


You had 2 spell levels left.
You didn't know any spells.
Your spell library was empty.

Dungeon Overview and Level Annotations

Branches:
Dungeon (2/15)

Altars:


Innate Abilities, Weirdness & Mutations

Your natural rate of healing is accelerated.
You have razor-sharp teeth.
You have supernaturally acute eyesight. (SInv)
You are afflicted with vampirism and can become a bat while bloodless.


Message History

The adder poisons you! The adder closely misses you.
The ball python bites you but does no damage.
The ball python grabs you. The ball python constricts you.
Your scale mail prevents you from hitting the ball python.
You feel sick. The adder bites you but does no damage.
The ball python bites you. The ball python constricts you.
You closely miss the adder. Your bite misses the adder.
The adder is heavily wounded.
You feel sick. The adder closely misses you. The ball python bites you.
The ball python constricts you. The adder bites you but does no damage.
Your scale mail prevents you from hitting the ball python.
You bite the ball python.
The ball python is severely wounded.
You feel sick.
The ball python bites you but does no damage.
The ball python constricts you. The adder bites you.
You barely miss the adder.
The adder is heavily wounded.
You feel sick. The adder bites you.
You are more poisoned.
The adder poisons you!
The ball python bites you but does no damage.
The ball python constricts you. The adder bites you but does no damage.
The ball python bites you but does no damage.
The ball python constricts you.
You hit the ball python but do no damage.
The ball python is severely wounded.
* * * LOW HITPOINT WARNING * * *
You feel very sick. The adder barely misses you.
The ball python barely misses you. The ball python constricts you.
You completely miss the adder.
The adder is heavily wounded.
* * * LOW HITPOINT WARNING * * *
You feel sick. The adder bites you but does no damage.
The ball python bites you but does no damage.
The ball python constricts you.
* * * LOW HITPOINT WARNING * * *
The adder bites you.
You die...

###.(. ..#.# ....
#.#.# .... #.#.##
..... #.... .....
#...### ..<...
#.....###...###
#.....S@S......
#...#.#.##..###
#.#####.....#.# #
.........##.#.#
#.............#
###########.###
#.......# "
.......†.# ...
########.######...


You could see an adder and a ball python.

Vanquished Creatures
  An adder (D:2)
  5 ball pythons
  4 endoplasms (D:1)
  A giant cockroach (D:1)
  6 hobgoblins
  3 quokkas
  A bat (D:1)
  3 frilled lizards
  A goblin (D:1)
  2 kobolds
  3 rats (D:1)
30 creatures vanquished.

Notes
Turn   | Place    | Note
-------+----------+-------------------------------------------
     0 | D:1      | jessy the Vampire Brigand began the quest for the Orb.
     0 | D:1      | Reached XP level 1. HP: 16/16 MP: 1/1
   245 | D:1      | Reached XP level 2. HP: 20/22 MP: 2/2
   283 | D:1      | Reached skill level 6 in Stealth
   656 | D:2      | Gained mutation: You are afflicted with vampirism and can
                  | become a bat while bloodless. [Vampire growth]
   656 | D:2      | Reached XP level 3. HP: 14/27 MP: 3/3
   900 | D:2      | Slain by an adder

Illustrated notes

Levels and vault maps discovered:
D:1:      minmay_arrival_split_and_join, layout_basic, minmay_domino_4
D:2:      layout_basic, ebering_ecumenical_altar_rust, minmay_crystal_water,
          grunt_ministairs_1

Skill      XL: |  1  2 |
---------------+-------+-----
Fighting       | 2 |  2.2
Stealth        | 6 |  6.6
Short Blades   | |  2.8
Throwing       | |  1.6
Armour         | |  0.2
Dodging        | |  1.3

Action                   || total
-------------------------++-------
Melee: Dagger            ||    25
       Bite              ||     7
       Whip              ||    75
 Stab: Sleeping          ||     5
Armor: Robe              ||    10
       Scale mail        ||    40
       Skin              ||     2
Dodge: Dodged            ||    66
